 Dungeon Crawl Stone Soup version 0.32-a0-42-ga30500b4d3 (webtiles) character file.

Game seed: 15120863214829200431

6315 anacleto the Mimic (level 10, -5/92 HPs)
             Began as a Troll Shapeshifter on Feb 3, 2024.
             Slain by a hornet (9 damage)
             ... while paralysed by a hornet
             ... on level 8 of the Dungeon.
             The game lasted 00:17:59 (7816 turns).

anacleto the Mimic (Troll Shapeshifter)             Turns: 7816, Time: 00:18:00

Health: -5/92      AC:  7    Str: 28    XL:     10   Next: 64%
Magic:  9/9        EV:  1    Int:  6    God:
Gold:   851        SH:  0    Dex:  9    Spells: 9/9 levels left

rFire   . .          .
                       - Unarmed
rCold   . . .        (no shield)
rNeg    . . .        b - +0 steam dragon scales
rPois   .            (helmet currently unavailable)
rElec   .            E - melded scarf of the Thunderstorm {shadows, Will++ Str+2}
rCorr   .            (gloves unavailable)
SInv    +            (boots unavailable)
Will    .....        (no amulet)
Stlth   +            x - ring of see invisible
HPRegen 1.15/turn    (no ring)
MPRegen 0.11/turn

%: no passive effects
@: paralysed, lethally poisoned (-5 -> -27), beast-form, slowed
A: beast (slay +4), large, unfitting armour, claws 3, regeneration 1, shaggy fur
1, tough skin 1
a: Begin Untransformation


You were on level 8 of the Dungeon.
You were a hulking beast.
You visited 2 branches of the dungeon, and saw 10 of its levels.

You collected 923 gold pieces.
You spent 72 gold pieces at shops.

Inventory:

Hand Weapons
 D - a +0 short sword
Missiles
 e - 24 poisoned darts
 k - a boomerang (quivered)
 p - 5 darts of dispersal
 q - 3 datura-tipped darts
Armour
 b - +0 steam dragon scales (worn)
 E - the scarf of the Thunderstorm (melded) {shadows, Will++ Str+2}
   (You acquired it on level 6 of the Dungeon)

   Str+2:     It affects your strength (+2).
   Will++:    It greatly increases your willpower.
Jewellery
 x - a ring of see invisible (left claw)
Talismans
 c - a beast talisman (active)
 C - a flux talisman
Wands
 d - a wand of roots (18)
 f - a wand of polymorph (9)
 B - a wand of flame (5)
Scrolls
 a - a scroll of brand weapon {unknown}
 i - a scroll of vulnerability {unknown}
 m - 3 scrolls of teleportation
 r - a scroll of identify
 s - 3 scrolls of revelation
 t - a scroll of summoning {unknown}
 u - a scroll of enchant weapon {unknown}
 y - a scroll of amnesia
 A - a scroll of enchant armour {unknown}
Potions
 h - a potion of might {unknown}
 j - 2 potions of mutation
 l - 2 potions of attraction {unknown}
 n - 2 potions of enlightenment
 o - 3 potions of cancellation
 v - a potion of resistance {unknown}
 w - a potion of curing {unknown}
 z - 2 potions of haste
 F - 2 potions of brilliance {unknown}
 G - a potion of ambrosia {unknown}


   Skills:
 - Level 4.0 Fighting
 - Level 3.8 Throwing
 - Level 4.1 Dodging
 - Level 5.6 Unarmed Combat
 * Level 12.4 Shapeshifting


You had 9 spell levels left.
You didn't know any spells.
Your spell library contained the following spells:

 Spells                   Type           Power      Damage    Failure   Level
 Magic Dart               Conj           0%         1d3       45%         1
 Ensorcelled Hibernation  Hex/Ice        0%         N/A       58%         2
 Searing Ray              Conj           0%         2d4       58%         2
 Fugue of the Fallen      Necr           0%         N/A       83%         3
 Anguish                  Hex/Necr       0%         N/A       99%         4
 Animate Dead             Necr           0%         N/A       99%         4
 Fulminant Prism          Conj/Alch      0%         3d5       99%         4
 Sculpt Simulacrum        Ice/Alch       0%         N/A       100%        6
 Haunt                    Necr/Summ      0%         N/A       100%        7
 Ozocubu's Refrigeration  Ice            0%         4d7       100%        7
 Infestation              Necr           0%         N/A       100%        8
 Polar Vortex             Ice            0%         N/A       100%        9


Dungeon Overview and Level Annotations

Branches:
Dungeon (9/15)             Temple (1/1) D:5            Lair (0/5) D:8
    Orc: D:9-12

Altars:
Ashenzari
Dithmenos
Elyvilon
Fedhas
Gozag
Hepliaklqana
Kikubaaqudgha
Makhleb
Nemelex Xobeh
Okawaru
Sif Muna
Trog
Uskayaw
Vehumet
Wu Jian
Xom
Zin
The Shining One

Shops:
D:1 [   D:2 *

Annotations:
D:5 1 runed translucent door, Crazy Yiuf


Innate Abilities, Weirdness & Mutations

You are a hulking beast.
Your limbs bulge with bestial killing power. (Slay +4)
You are too large for most types of armour.
You have claws for hands.
Your natural rate of healing is unusually fast.
You are covered in fur. (AC +1)
You have tough skin. (AC +1)


Message History

You feel much better.
You feel sick. The hornet stings you!
* * * LOW HITPOINT WARNING * * *
You are more poisoned.
You feel as though you will be slow longer.
The hornet closely misses you.
Okay, then.
You mangle the hornet!!
The hornet is heavily wounded.
You feel very sick. The hornet barely misses you. The hornet stings you!
* * * LOW HITPOINT WARNING * * *
You feel as though you will be slow longer.
You feel much better.
You feel very sick. The hornet closely misses you. The hornet stings you.
* * * LOW HITPOINT WARNING * * *
You suddenly lose the ability to move!
You can move again.
You feel much better.
You feel very sick. The hornet stings you!
* * * LOW HITPOINT WARNING * * *
You are more poisoned.
You feel as though you will be slow longer.
The hornet stings you!
* * * LOW HITPOINT WARNING * * *
You feel as though you will be slow longer.
The hornet stings you.
* * * LOW HITPOINT WARNING * * *
You are lethally poisoned!
You feel as though you will be slow longer.
You scratch the hornet.
The hornet is severely wounded.
* * * LOW HITPOINT WARNING * * *
You feel extremely sick. The hornet stings you.
* * * LOW HITPOINT WARNING * * *
You are more poisoned.
You suddenly lose the ability to move!
The hornet stings you!
You die...

#...))..#
#.##.##.###.#####..##.
####)####
#.##.##.###..[........ #...#
#.##.....#########.###
#...#####.#####..# #.###
#...#............#
#######....
####...#............#
#.....#####
...........#######..###.....#
#
...........#######..........#
#
.>.........##...h...###.....#
#
####.......##..y....###.....#
# #...#...##..####...^######
# #...##..##..#....##.# #
#...##..##..#._..##.# #
##.###......#.....#.#######
#.# #.......%....#.##....####
## #.#
######.......#.##.##..... .#
#.########.#.......##.#######


You could see a hornet.

Vanquished Creatures
  Pikel (D:8)
  Maurice (D:7)
  Maggie (D:7)
  Psyche (D:9)
  Prince Ribbit (D:4)
  Grinder (D:4)
  6 yaks (D:8)
  Eustachio (D:6)
  A wyvern (D:8)
  2 vampire mosquitoes (D:7)
  4 centaurs
  3 phantoms
  Blork the orc (D:4)
  5 bullfrogs
  A gnoll sergeant (D:8)
  4 scorpions
  5 wights (D:8)
  10 killer bees
  4 howler monkeys
  A jelly (D:5)
  A bullfrog zombie (D:4)
  2 hounds (D:6)
  4 bombardier beetles
  An orc priest (D:6)
  3 sleepcaps
  Jessica (D:3)
  Ijyb (D:4)
  8 iguanas
  6 orc wizards
  A scorpion zombie (D:4)
  A hound zombie (D:4)
  2 hound skeletons (D:4)
  A howler monkey zombie (D:4)
  Robin (D:4)
  10 gnolls
  8 adders
  A white imp (D:8)
  2 ufetubi (D:5)
  An adder zombie (D:4)
  An adder skeleton (D:4)
  3 ribbon worms
  2 dart slugs
  23 orcs
  10 endoplasms
  A giant cockroach (D:2)
  13 goblins
  8 hobgoblins
  8 kobolds
  4 quokkas
  9 ball pythons
  3 bats
  6 frilled lizards
  A quokka skeleton (D:4)
  8 rats
209 creatures vanquished.

Notes
Turn   | Place    | Note
-------+----------+-------------------------------------------
     0 | D:1      | anacleto the Troll Shapeshifter began the quest for the
                  | Orb.
     0 | D:1      | Reached XP level 1. HP: 18/18 MP: 0/0
    41 | D:1      | Found Nec Woj's Armour Shop.
   161 | D:1      | Reached skill level 1 in Fighting
   172 | D:1      | Reached XP level 2. HP: 27/27 MP: 1/1
   868 | D:2      | Reached XP level 3. HP: 33/33 MP: 2/2
  1087 | D:2      | Found Derphuusk's Assorted Antiques.
  1091 | D:2      | Bought a metallic dark potion for 23 gold pieces
  1091 | D:2      | Bought a scroll labelled CUPPIQAUCS for 26 gold pieces
  1091 | D:2      | Bought an inky potion for 23 gold pieces
  1228 | D:3      | Found a blossoming altar of Fedhas.
  1395 | D:3      | Reached XP level 4. HP: 41/41 MP: 3/3
  1473 | D:3      | Found a bloodstained altar of Trog.
  1565 | D:3      | Found a faded altar of an unknown god.
  1721 | D:3      | Noticed Jessica
  1725 | D:3      | Killed Jessica
  1807 | D:3      | Reached skill level 1 in Throwing
  1807 | D:3      | Reached skill level 4 in Shapeshifting
  1807 | D:3      | Reached XP level 5. HP: 49/49 MP: 4/4
  2125 | D:2      | Identified a scroll of acquirement
  2126 | D:2      | Acquired 505 gold pieces
  2700 | D:4      | Noticed a phantom
  2711 | D:4      | Killed a phantom
  2712 | D:4      | Reached XP level 6. HP: 55/57 MP: 5/5
  2761 | D:4      | Noticed Ijyb
  2773 | D:4      | Identified the +1 helmet of Vermicelli {+Blink rC+}
  2773 | D:4      | Noticed Robin
  2780 | D:4      | Killed Ijyb
  2789 | D:4      | Killed Robin
  3000 | D:4      | Reached skill level 5 in Shapeshifting
  3008 | D:4      | Reached XP level 7. HP: 66/66 MP: 6/6
  3063 | D:4      | Noticed Grinder
  3101 | D:4      | Killed Grinder
  3152 | D:4      | Noticed Blork the orc
  3157 | D:4      | Killed Blork the orc
  3170 | D:4      | Found a hazy altar of Hepliaklqana.
  3171 | D:4      | Found a shimmering altar of Xom.
  3171 | D:4      | Noticed a cyan ugly thing
  3172 | D:4      | Noticed a spectral ugly thing
  3172 | D:4      | Noticed a brown ugly thing
  3390 | D:5      | Entered Level 5 of the Dungeon
  3390 | D:5      | Noticed Prince Ribbit
  3404 | D:4      | Killed Prince Ribbit
  3405 | D:4      | Reached skill level 6 in Shapeshifting
  3405 | D:4      | Reached XP level 8. HP: 37/75 MP: 7/7
  3455 | D:5      | Reached skill level 5 in Unarmed Combat
  3715 | D:5      | Found a staircase to the Ecumenical Temple.
  3777 | Temple   | Entered the Ecumenical Temple
  3922 | D:5      | Found an iron altar of Okawaru.
  4036 | D:5      | Found a white marble altar of Elyvilon.
  4387 | D:5      | Found a runed translucent door.
  4388 | D:5      | Noticed Crazy Yiuf
  4761 | D:6      | Reached skill level 7 in Shapeshifting
  4821 | D:6      | Acquired the scarf of the Thunderstorm {shadows, Will++
                  | Str+2}
  5016 | D:6      | Noticed Eustachio
  5026 | D:6      | Killed Eustachio
  5027 | D:6      | Reached XP level 9. HP: 74/84 MP: 8/8
  5050 | D:6      | Found a radiant altar of Vehumet.
  5365 | D:6      | Found an iron altar of Okawaru.
  5740 | D:7      | Reached skill level 8 in Shapeshifting
  5852 | D:7      | Noticed Maggie
  5860 | D:7      | Killed Maggie
  5942 | D:7      | Reached skill level 9 in Shapeshifting
  6104 | D:7      | Noticed Maurice
  6129 | D:7      | Maurice stole a flux talisman
  6132 | D:7      | Maurice stole a +0 short sword
  6135 | D:7      | Maurice stole 5 darts of dispersal
  6136 | D:7      | Killed Maurice
  6137 | D:7      | Reached skill level 10 in Shapeshifting
  6294 | D:7      | Found a glowing golden altar of the Shining One.
  6624 | D:8      | Reached XP level 10. HP: 78/92 MP: 9/9
  6707 | D:8      | Noticed Pikel
  6726 | D:8      | Killed Pikel
  6727 | D:8      | Reached skill level 11 in Shapeshifting
  6944 | D:8      | Found an opulent altar of Gozag.
  7111 | D:8      | Found a staircase to the Lair.
  7391 | D:8      | Reached skill level 12 in Shapeshifting
  7608 | D:9      | Noticed Psyche
  7732 | D:9      | Killed Psyche
  7807 | D:9      | Paralysed by a hornet for 3 turns
  7814 | D:8      | Paralysed by a hornet for 1 turns
  7816 | D:8      | HP: 4/92 [hornet (2)]
  7816 | D:8      | Paralysed by a hornet for 2 turns
  7816 | D:8      | Slain by a hornet

Illustrated notes

Levels and vault maps discovered:
D:1:      roadster_arrival_rocket_small, layout_basic, serial_shops, shop
D:2:      layout_basic, serial_shops, shop
D:3:      minmay_razor_zed, layout_loops_ring,
          mainiacjoe_overflow_six_doors_small, mainiacjoe_overflow_boulevard,
          shapermc_ecumenical_altar_mp_vishouse, uniq_jessica
D:4:      layout_basic, regret_index_temple_of_mockery, serial_undead,
          serial_undead_b, serial_undead_b, serial_undead_d, serial_undead_a,
          minmay_fractal_squares_diagonal_5, uniq_robin, uniq_ijyb,
          uniq_blork_the_orc, uniq_grinder
D:5:      layout_loops_ring, minmay_temple_entry_hall, hangedman_feature_mirror,
          feat_on_display, uniq_crazy_yiuf_cottage, uniq_prince_ribbit1
D:6:      layout_basic, nicolae_vehumet_radiance,
          mainiacjoe_overflow_cross_hatched, uniq_eustachio
D:7:      layout_basic, mainiacjoe_overflow_alcove_1, kennysheep_path_1,
          uniq_maggie, uniq_maurice
D:8:      layout_loops_cross, mainiacjoe_overflow_chevrons, lair_entry_dummy,
          uniq_pikel
D:9:      layout_basic, nicolae_overflow_crystal_walls,
          nicolae_qazlal_general_emergency, david_orc_2,
          nicolae_shop_i_like_big_books, dreamdust_wishing_well,
          nicolae_transporter_circle, uniq_psyche
Temple:   nicolae_temple_bog_church

Skill      XL: |  1  2  3  4  5  6  7  8  9 10 |
---------------+-------------------------------+-----
Fighting       | 1 2 3 4 |  4.0
Dodging        | 2 3 4 |  4.1
Throwing       | 1 2 3 |  3.8
Shapeshifting  | 4 5 6 7 10 12 | 12.4
Unarmed Combat | 4 5 |  5.6

Action                     |  1- 3 |  4- 6 |  7- 9 | 10-12 || total
---------------------------+-------+-------+-------+-------++-------
  Melee: Unarmed           |    71 |   129 |   299 |   122 ||   621
         Punch             |     1 |     5 |    10 |     2 ||    18
  Throw: Boomerang         |       |     2 |     5 |    17 ||    24
Ability: Begin Untransform |       |       |     2 |       ||     2
  Evoke: Wand              |       |       |     1 |     3 ||     4
    Use: Scroll            |       |     5 |     7 |     1 ||    13
         Potion            |       |       |     3 |     3 ||     6
 Armour: Animal skin       |    32 |    88 |   185 |       ||   305
         Skin              |       |       |    46 |       ||    46
         Steam dragon scal |       |       |    46 |   127 ||   173
  Dodge: Dodged            |    31 |    66 |   143 |    74 ||   314
   Form: Beast             |       |       |     2 |       ||     2

Table legend: (Time is in decaauts)
 A = Elapsed time spent in this place.
 B = Non-inter-level travel time spent in this place.
 C = Inter-level travel time spent in this place.
 D = Time resting spent in this place.
 E = Time spent auto-exploring this place.
 F = Levels seen in this place.
 G = Mean time per level.
                   A        B        C        D        E       F      G
               +--------+--------+--------+--------+--------+-----+--------+
         Total |   7773 |   7377 |    396 |    687 |   4982 |  10 |  777.3 |
       Dungeon |   7724 |   7344 |    380 |    687 |   4982 |   9 |  858.2 |
        Temple |     48 |     32 |     16 |      0 |      0 |   1 |   48.0 |
               +--------+--------+--------+--------+--------+-----+--------+

Top non-repeatable levels by time:
     D:8: 1187 daAuts
     D:3: 1063 daAuts
     D:6: 1057 daAuts
     D:4: 1049 daAuts
     D:7: 920 daAuts
     D:5: 908 daAuts
     D:1: 789 daAuts
     D:2: 676 daAuts
     D:9: 71 daAuts
  Temple: 48 daAuts
